 Dungeon Crawl Stone Soup version 0.17-a0-1596-g1e86911 (console) character file.

58 FIQ the Skirmisher (level 3, -1/29 HPs)
             Began as a Demonspawn Chaos Knight on July 31, 2015.
             Slain by an ice beast (4 damage)
             ... on level 3 of the Dungeon.
             The game lasted 00:07:47 (1157 turns).

FIQ the Skirmisher (Demonspawn Chaos Knight)        Turns: 1157, Time: 00:07:47

Health: -1/29      AC:  8    Str: 20    XL:     3   Next: 75%
Magic:  3/3        EV:  8    Int: 13    God:    Xom [..*...]
Gold:   99         SH:  0    Dex: 11    Spells: 0 memorised, 2 levels left

rFire  . . .     SeeInvis .     a - +1 mace (chaos)
rCold  . . .     Clarity  .     g - +0 chain mail
rNeg   . . .     SustAt   .     (no shield)
rPois  .         Gourm    .     (helmet restricted)
rElec  .         Spirit   .     (no cloak)
rCorr  .         Warding  .     (no gloves)
rMut   .         Stasis   .     (no boots)
MR     .....                    (no amulet)
Stlth  ..........               i - +3 ring of strength
                                r - ring of flight

@: mighty, not resistant to hostile enchantments, extremely unstealthy
A: antennae 1, clumsy 1
a: Renounce Religion, Evoke Flight


You were on level 3 of the Dungeon.
You worshipped Xom.
You were a toy of Xom.
You were hungry.

You visited 1 branch of the dungeon, and saw 3 of its levels.

You collected 99 gold pieces.

Inventory:

Hand weapons
 a - a +1 mace of chaos (weapon)
Armour
 g - a +0 chain mail (worn)
Jewellery
 d - an uncursed ring of sustain attributes
 i - a +3 ring of strength (right hand)
 k - an uncursed ring of stealth
 r - a ring of flight (left hand)
Scrolls
 e - a scroll of random uselessness
 f - a scroll of remove curse {unknown}
 j - 3 scrolls of identify
 n - a scroll of fear
 o - a scroll of magic mapping {unknown}
 s - a scroll of enchant armour {unknown}
 t - a scroll of blinking {unknown}
Potions
 b - 4 potions of lignification
 h - a potion of magic
Books
 p - a book of Party Tricks

   Spells                             Type                      Level
   a - Summon Butterflies             Summoning                    1
   b - Apportation                    Translocation                1
   c - Tukima's Dance                 Hexes                        3
   d - Alistair's Intoxication        Transmutation/Poison         4
   e - Invisibility                   Hexes                        6
Comestibles
 c - 3 bread rations
 l - a meat ration
 m - 3 fruits
 q - 5 chunks of flesh


   Skills:
 + Level 3.5 Fighting
 + Level 3.1 Maces & Flails
 + Level 2.2 Armour
 + Level 1.8 Dodging


You had 2 spell levels left.
You didn't know any spells.

Dungeon Overview and Level Annotations

Branches:
Dungeon (3/15)

Altars:


Innate Abilities, Weirdness & Mutations

You have a pair of small antennae on your head.
You are clumsy. (Dex -2)


Message History

Xom grants you insight.
You detect creatures!
You see here a scroll labeled ZIDIANISONT.
t - a scroll labeled ZIDIANISONT You hear Xom's avuncular chuckle.
The ice beast seems to slow down.
The ice beast closely misses you.
You hit the ice beast.
The ice beast looks off-balance for a moment.
The ice beast is lightly wounded.
Your chain mail prevents you from hitting the ice beast.
The ice beast is lightly wounded.
The ice beast hits you. The ice beast freezes you!
* * * LOW HITPOINT WARNING * * *
"Go forth and destroy!"
You feel very mighty all of a sudden.
You hit the ice beast but do no damage.
The ice beast is lightly wounded.
The ice beast hits you.
You die...
Xom giggles madly!

############
...........# ##
...........###.#
...........#...#
...........#.#.##
................
...........#.#.### .#
.......Y.........####.#
........@..............
...........#..#.#####.#
..............# ...##.#
..............####.##.#
.................)....#
.............(.....#..#
...........##...###..###
.......(...##...# #....[
b ..........###...#
##.### ..........# #...#
#.# .........# #...# #.#


You could see an ice beast.

Vanquished Creatures
  3 adders
  A giant gecko (D:1)
  3 hobgoblins (D:1)
  10 jackals
  2 ball pythons (D:1)
  2 giant newts (D:1)
  A goblin (D:1)
  7 kobolds
  2 rats (D:1)
31 creatures vanquished.

Notes
Turn   | Place    | Note
--------------------------------------------------------------
     0 | D:1      | FIQ the Demonspawn Chaos Knight began the quest for the Orb.
     0 | D:1      | Reached XP level 1. HP: 18/18 MP: 1/1
   117 | D:1      | Reached skill level 1 in Dodging
   168 | D:1      | Gained mutation: You have a pair of small antennae on your head. [demonic ancestry]
   168 | D:1      | Reached XP level 2. HP: 20/24 MP: 2/2
   400 | D:1      | XOM: harmless Erth miscast
   479 | D:1      | XOM: divination: detect creatures
   545 | D:1      | Gained mutation: Scrolls take you a little longer to read. [potion of mutation]
   545 | D:1      | Lost mutation: Scrolls take you a little longer to read. [potion of mutation]
   545 | D:1      | Gained mutation: You are clumsy. (Dex -2) [potion of mutation]
   624 | D:1      | XOM: divination: detect creatures
   862 | D:2      | XOM: silly message
   914 | D:2      | XOM: harmless Summ miscast
   918 | D:2      | XOM: potion effect (berserk rage)
   920 | D:2      | Reached XP level 3. HP: 17/29 MP: 3/3
  1042 | D:2      | You fall through a shaft!
  1079 | D:3      | XOM: divination: magic mapping
  1147 | D:3      | Noticed an ice beast
  1148 | D:3      | XOM: divination: detect creatures
  1152 | D:3      | XOM: enchant monster (good)
  1155 | D:3      | XOM: potion effect (might)
  1157 | D:3      | Slain by an ice beast

Vault maps used:
D:1:      dpeg_arrival_stone_temple_mockup
D:2:      old_standard_altar
D:3:      nicolae_overflow_crystal_walls, grunt_temple_overflow_diamond,
          first_bread, trog_butcher_becter

Action                   || total
-------------------------++-------
Melee: Mace              ||   106
  Use: Potion            ||     5
       Scroll            ||     4
 Stab: Paralysed         ||     3
  Eat: Chunk             ||     1
